 Dungeon Crawl Stone Soup version 0.31-a0-18-gea43df2a32 (webtiles) character file.

Game seed: 13138432621510094374

248 Dittersdorf the Trooper (level 6, -1/40 HPs)
             Began as a Gargoyle Fighter on May 10, 2023.
             Slain by an ogre
             ... wielding a +0 giant club
              (17 damage)
             ... on level 3 of the Dungeon.
             The game lasted 00:04:30 (3189 turns).

Dittersdorf the Trooper (Gargoyle Fighter)          Turns: 3189, Time: 00:04:31

Health: -1/40      AC: 11    Str: 22    XL:     6   Next: 12%
Magic:  6/6        EV:  8    Int: 14    God:
Gold:   1148       SH:  8    Dex:  9    Spells: 5/5 levels left

rFire   . . .        g - +3 demon whip (flame)
rCold   + . .        j - +0 kite shield
rNeg    + . .        b - +0 scale mail
rPois   ∞            (no helmet)
rElec   +            (no cloak)
rCorr   .            (no gloves)
SInv    .            (no boots)
Will    .....        (no amulet) Stlth
                     v - +6 ring of intelligence
HPRegen 0.26/turn    o - ring of protection from cold
MPRegen 0.10/turn

%: no passive effects
@: studying Fighting
A: sickness immunity, AC +4, negative energy resistance 1, electricity
resistance, torment resistance 1, petrification resistance
a: no special abilities


You were on level 3 of the Dungeon.
You visited 1 branch of the dungeon, and saw 4 of its levels.

You collected 1148 gold pieces.

Inventory:

Hand Weapons
 g - a +3 demon whip of flaming (weapon)
Missiles
 h - 6 poisoned darts (quivered)
Armour
 b - a +0 scale mail (worn)
 j - a +0 kite shield (worn)
Jewellery
 o - a ring of protection from cold (right hand)
 v - a +6 ring of intelligence (left hand)
Wands
 u - a wand of iceblast (10)
Scrolls
 c - 3 scrolls of teleportation
 k - a scroll of fog
 r - a scroll of magic mapping
Potions
 d - a potion of might
 e - a potion of heal wounds {unknown}
 f - a potion of berserk rage {unknown}
 i - 3 potions of curing {unknown}
 l - a potion of lignification {unknown}
 n - a potion of invisibility {unknown}
 p - a potion of attraction {unknown}
 s - a potion of resistance {unknown}


   Skills:
 + Level 5.1 Fighting
 + Level 3.5 Maces & Flails
 + Level 4.6 Armour
 + Level 4.5 Shields


You had 5 spell levels left.
You didn't know any spells.
Your spell library contained the following spells:

 Spells                   Type           Power      Damage    Failure   Level
 Necrotise                Necr           0%         1d4       85%         1
 Vampiric Draining        Necr           0%         2d6       99%         3
 Agony                    Necr           0%         N/A       100%        5


Dungeon Overview and Level Annotations

Branches:
Dungeon (4/15)
 Temple: D:4-7

Altars:
Xom
Yredelemnul

Shops:
D:2 :(?


Innate Abilities, Weirdness & Mutations

You are immune to sickness and miasma.
Your stone body is resilient. (AC +4)
You are immune to poison.
You resist negative energy. (rN+)
You are resistant to electric shocks. (rElec)
You are resistant to unholy torment.
You are immune to petrification.


Message History

You are too injured to fight recklessly!
You are too injured to fight recklessly!
You are too injured to fight recklessly!
You are too injured to fight recklessly!
You are too injured to fight recklessly!
You are too injured to fight recklessly!
You are too injured to fight recklessly!
You are too injured to fight recklessly!
You are too injured to fight recklessly!
You are too injured to fight recklessly!
You are too injured to fight recklessly!
You are too injured to fight recklessly!
You are too injured to fight recklessly!
You are too injured to fight recklessly!
You are too injured to fight recklessly!
You are too injured to fight recklessly!
You are too injured to fight recklessly!
The ogre attacks as you move away! The ogre barely misses you.
The sky beast flickers out of sight!
Deactivating autopickup; reactivate with Ctrl-A.
There is a stone staircase leading up here.
Things that are here:
a potion of degeneration; a +0 flail You climb upwards.
Reactivating autopickup.
There is a stone staircase leading down here.
You start resting.
HP restored.
You climb downwards.
The ogre hits you with a +0 giant club!
The sky beast flickers out of sight!
Deactivating autopickup; reactivate with Ctrl-A.
There is a stone staircase leading up here.
Things that are here:
a potion of degeneration; a +0 flail The ogre hits you with a +0 giant club!
You climb upwards.
Reactivating autopickup.
There is a stone staircase leading down here.
You barely miss the ogre. The ogre hits you with a +0 giant club!
You die...

.♣ ##.## #......# #.. .♣ ###.###
#.#.##.## #.# .♣ #.....#
#)#.#...# #.# .########.#.#.###
#b#.....#####.#
.##.......#).(..###.###..........
...#####..#.........####.######..
#.######.................# ###
#..............O.##.#..###
#.###.##<##.###.@##.#..#
#.###.##.##.# #)[#.)#..#
#.###.#..##.###..#.##).#
......###.....#.....<..# #####.#
#.....#........# #
#...###.....####.._..# #
#.....#.....# #.....#
###.###.#.....# #.#.#.# .[..#
#.####### #.....#


You could see an ogre.

Vanquished Creatures
  2 orc priests (D:3)
  An iguana (D:4)
  3 orc wizards
  2 adders
  A worm (D:2)
  2 dart slugs (D:1)
  6 orcs
  5 endoplasms
  2 giant cockroaches
  8 goblins
  5 hobgoblins
  4 jackals (D:3)
  A quokka (D:1)
  6 ball pythons
  5 bats
  3 frilled lizards (D:1)
  6 kobolds
  5 rats
67 creatures vanquished.

Notes
Turn   | Place    | Note
-------+----------+-------------------------------------------
     0 | D:1      | Dittersdorf the Gargoyle Fighter began the quest for the
                  | Orb.
     0 | D:1      | Reached XP level 1. HP: 14/14 MP: 1/1
    29 | D:1      | Reached XP level 2. HP: 15/19 MP: 2/2
   397 | D:1      | Reached XP level 3. HP: 23/23 MP: 3/3
   951 | D:2      | Found Ceohid's Magic Scroll Shoppe.
  1332 | D:2      | Found Urasusch's Book Emporium.
  1535 | D:2      | Reached XP level 4. HP: 29/29 MP: 4/4
  1643 | D:2      | Found Kin Utim's Weapon Boutique.
  1739 | D:3      | Found a basalt altar of Yredelemnul.
  1811 | D:3      | Found a shimmering altar of Xom.
  2016 | D:3      | Reached skill level 4 in Fighting
  2311 | D:3      | Found a faded altar of an unknown god.
  2627 | D:4      | Identified 3 scrolls of acquirement
  2627 | D:4      | Acquired a +3 demon whip of flaming
  2631 | D:4      | Acquired 1038 gold pieces
  2633 | D:4      | Acquired a manual of Fighting
  2717 | D:3      | Reached XP level 5. HP: 20/33 MP: 5/5
  2943 | D:4      | Reached skill level 5 in Fighting
  3031 | D:4      | Reached XP level 6. HP: 30/40 MP: 6/6
  3102 | D:4      | Noticed a sky beast
  3189 | D:3      | Slain by an ogre

Illustrated notes

Levels and vault maps discovered:
D:1:      lightli_arrival_statuegarden, layout_basic, serial_forest,
          infiniplex_forest_diagonal, infiniplex_forest_lined_room_2,
          infiniplex_forest_clump_small, infiniplex_forest_3_way,
          infiniplex_forest_straight_4, infiniplex_forest_side_room,
          infiniplex_forest_lined_room_, infiniplex_forest_clump_small,
          infiniplex_forest_lined_corner, infiniplex_forest_lined_corner,
          st_stairs_2
D:2:      layout_basic, serial_shops, nicolae_shop_window_shopping, shop,
          nicolae_shop_just_a_little_nook
D:3:      layout_loops_cross, xom_butterflies, lemuel_doored_altar,
          shapermc_ecumenical_altar_flowoftime, minmay_misc_feat_encased,
          dreamdust_princess_corridor
D:4:      layout_rooms, mainiacjoe_overflow_small_starburst

Skill      XL: |  1  2  3  4  5 |
---------------+----------------+-----
Fighting       | 4 5 |  5.1
Armour         | 4 |  4.6
Shields        | 4 |  4.5
Maces & Flails | 3 |  3.5

Action                     |  1- 3 |  4- 6 || total
---------------------------+-------+-------++-------
  Melee: Flail             |   188 |    56 ||   244
         Demon whip        |       |    43 ||    43
    Use: Scroll            |       |     8 ||     8
 Armour: Scale mail        |    65 |    56 ||   121
  Dodge: Dodged            |    49 |    19 ||    68
  Block: Buckler           |     7 |       ||     7
         Kite shield       |    41 |    21 ||    62

Table legend: (Time is in decaauts)
 A = Elapsed time spent in this place.
 B = Non-inter-level travel time spent in this place.
 C = Inter-level travel time spent in this place.
 D = Time resting spent in this place.
 E = Time spent auto-exploring this place.
 F = Levels seen in this place.
 G = Mean time per level.
                   A        B        C        D        E       F      G
               +--------+--------+--------+--------+--------+-----+--------+
         Total |   3289 |   3095 |    194 |    227 |   2095 |   4 |  822.2 |
       Dungeon |   3289 |   3095 |    194 |    227 |   2095 |   4 |  822.2 |
               +--------+--------+--------+--------+--------+-----+--------+

Top non-repeatable levels by time:
     D:3: 1166 daAuts
     D:1: 1001 daAuts
     D:2: 787 daAuts
     D:4: 333 daAuts
